 Dungeon Crawl Stone Soup version 0.29-a0-885-gb26ba3297d (webtiles) character file.

Game seed: 10524353567720986731

3286 jimonade the Covert (level 10, -11/56 HPs)
             Began as a Kobold Brigand on July 20, 2022.
             Was a Follower of Uskayaw.
             Mangled by an orc warrior
             ... wielding a +0 halberd
              (16 damage)
             ... in a bailey on July 21, 2022.
             The game lasted 00:27:11 (14073 turns).

jimonade the Covert (Kobold Brigand)               Turns: 14073, Time: 00:27:11

Health: -11/56     AC:  6    Str:  9    XL:     10   Next: 20%
Magic:  17/17      EV: 17    Int: 13    God:    Uskayaw [*.....]
Gold:   586        SH:  5    Dex: 26    Spells: 19/19 levels left

rFire   . . .      SeeInvis +   a - +2 dagger (venom)
rCold   . . .      Faith    .   (no shield)
rNeg    . . .      Spirit   .   I - +2 leather armour {rPois}
rPois   +          Reflect  +   (no helmet)
rElec   .          Harm     .   c - +0 cloak
rCorr   .          Rampage  .   (no gloves)
Will    .....                   (no boots)
Stlth   +++++++...              v - amulet of reflection
HPRegen 0.18/turn               u - ring of see invisible
MPRegen 0.15/turn               E - +6 ring of dexterity

@: no status effects
A: small, no large weapons, nightstalker 3
a: Renounce Religion, Stomp


You were in a bailey.
You worshipped Uskayaw.
Uskayaw was noncommittal.
You visited 2 branches of the dungeon, and saw 10 of its levels.
You also visited: Bailey.

You collected 586 gold pieces.

Inventory:

Hand Weapons
 a - a +2 dagger of venom (weapon)
 b - a +0 shortbow
 g - a +2 dagger
 j - a +0 quarterstaff
 w - a +0 short sword of freezing
 B - a +5 dagger
 O - a +0 club
Missiles
 d - 13 poisoned darts (quivered)
 e - 4 curare-tipped darts
 s - 6 boomerangs
 x - 2 atropa-tipped darts
 z - 2 throwing nets
Armour
 c - a +0 cloak (worn)
 t - a +0 ring mail
 y - a +0 leather armour
 I - a +2 leather armour of poison resistance (worn)
 P - a +0 robe
Jewellery
 f - an amulet of magic regeneration
 u - a ring of see invisible (left hand)
 v - an amulet of reflection (around neck)
 E - a +6 ring of dexterity (right hand)
 K - a ring of resist corrosion
Wands
 n - a wand of digging (5)
 C - a wand of flame (23)
 D - a wand of iceblast (18)
 M - a wand of light (21)
Scrolls
 h - 5 scrolls of teleportation
 k - 2 scrolls of enchant weapon
 o - 2 scrolls of enchant armour
 p - a scroll of blinking
 q - 2 scrolls of fear
 F - a scroll of vulnerability
Potions
 i - a potion of ambrosia
 m - 2 potions of flight
 r - a potion of attraction {unknown}
 G - 2 potions of curing
 H - 2 potions of lignification
 J - a potion of heal wounds {unknown}
 L - a potion of might {unknown}
 N - a potion of mutation {unknown}


   Skills:
 + Level 4.1 Fighting
 + Level 6.8 Short Blades
 + Level 1.9 Ranged Weapons
 - Level 2.1 Throwing
 + Level 2.9 Armour
 + Level 3.9 Dodging
 + Level 13.6 Stealth
 + Level 1.7 Shields
 * Level 5.1 Spellcasting
 * Level 2.6 Earth Magic
 - Level 1.4 Poison Magic


You had 19 spell levels left.
You didn't know any spells.
Your spell library contained the following spells:

 Spells                   Type           Power      Damage    Failure   Level
 Sting                    Tmut/Pois      20%        1d4       19%         1
 Apportation              Tloc           6%         N/A       26%         1
 Poisonous Vapours        Pois/Air       10%        N/A       28%         2
 Stone Arrow              Conj/Erth      12%        3d7       41%         3
 Call Canine Familiar     Summ           3%         N/A       58%         3
 Ozocubu's Armour         Ice            3%         N/A       58%         3
 Portal Projectile        Hex/Tloc       6%         N/A       58%         3
 Olgreb's Toxic Radiance  Pois           6%         N/A       80%         4
 Animate Armour           Summ/Erth      12%        N/A       82%         4
 Leda's Liquefaction      Hex/Erth       3%         N/A       82%         4
 Alistair's Intoxication  Tmut/Pois      3%         N/A       99%         5
 Metabolic Englaciation   Hex/Ice        1%         N/A       100%        5
 Simulacrum               Ice/Necr       1%         N/A       100%        6
 Lehudib's Crystal Spear  Conj/Erth      3%         10d2      100%        8


Dungeon Overview and Level Annotations

Branches:
Dungeon (9/15)             Temple (1/1) D:6          Bailey (1/1)
   Lair: D:8-11         Orc: D:9-12

Altars:
Ashenzari
Cheibriados
Dithmenos
Elyvilon
Fedhas
Gozag
Hepliaklqana
Kikubaaqudgha
Makhleb
Nemelex Xobeh
Okawaru
Qazlal
Ru
Sif Muna
Trog
Uskayaw
Vehumet
Wu Jian
Yredelemnul
Zin
The Shining One

Shops:
D:2 *   D:8 :

Annotations:
D:2 exclusion: 2 gnolls
D:6 exclusions: 3 gnolls, gnoll bouda, 2 kobolds and orc
D:7 exclusions: 3 gnolls, gnoll sergeant, orc, white imp and 4 wights, Menkaure
D:8 2 transporters, exclusions: orc, orc priest and orc wizard, Clumpoid's ghost, novice GnFi


Innate Abilities, Weirdness & Mutations

You are small and have problems with some larger weapons.
You are completely attuned to the shadows.


Message History

Things that are here:
a +0 spear; a +0 scale mail; an orc corpse You block the orc warrior's attack.
You completely miss the orc warrior. The orc warrior completely misses you.
You barely miss the orc warrior. The orc warrior misses you.
You hit the orc warrior.
The orc warrior is poisoned.
The orc warrior is lightly wounded.
You barely miss the orc warrior.
The orc warrior is lightly wounded.
The orc warrior hits you with a +0 halberd.
You hit the orc warrior but do no damage.
The orc warrior looks as sick as possible!
The orc warrior is lightly wounded.
The orc warrior misses you.
You hit the orc warrior.
The orc warrior looks as sick as possible!
The orc warrior is lightly wounded.
You barely miss the orc warrior.
The orc warrior is lightly wounded.
The orc warrior hits you with a +0 halberd!!
You hit the orc warrior but do no damage.
The orc warrior is moderately wounded.
The orc warrior hits you with a +0 halberd.
You hit the orc warrior.
The orc warrior is heavily wounded.
You completely miss the orc warrior.
The orc warrior is heavily wounded.
The orc warrior closely misses you.
You hit the orc warrior.
The orc warrior looks as sick as possible!
The orc warrior is severely wounded.
The orc warrior hits you with a +0 halberd!!
* * * LOW HITPOINT WARNING * * *
You hit the orc warrior but do no damage.
The orc warrior looks as sick as possible!
The orc warrior is almost dead.
You completely miss the orc warrior.
The orc warrior is almost dead.
The orc warrior hits you with a +0 halberd!
You die...

###################
##≈≈≈≈≈≈≈≈≈≈≈≈≈≈≈≈≈##
##.......)...))......##
#..............o@.....#
.).....⌠##########'####
....#####.....)......≈#
...##....≈≈≈≈≈≈≈≈≈...≈#
...#.⌠.≈≈≈.......≈≈..≈##
...#..≈≈..≈≈≈≈≈≈≈)...≈≈##
..⌠#.≈≈.≈≈≈).)..≈≈≈)..≈≈##
..##.≈.≈≈..≈≈≈≈≈..≈≈..⌠≈≈#
..#.≈≈.≈.≈≈≈...≈≈≈.≈≈..≈≈#


You could see an orc warrior (extremely poisoned).

Vanquished Creatures
  A hornet (D:8)
  An orc warrior (D:8)
  2 sky beasts
  3 black bears
  5 centaurs
  3 phantoms
  2 kobold brigands
  2 scorpions
  A gnoll sergeant (D:7)
  2 bullfrogs (D:7)
  A necrophage (D:6)
  6 killer bees (D:8)
  2 gnoll boudas (D:8)
  2 jellies
  4 orc priests
  2 hounds (D:5)
  Jessica (D:2)
  5 iguanas
  12 orc wizards
  13 gnolls
  6 adders
  4 white imps
  An ufetubus (D:7)
  4 worms
  A dart slug (D:1)
  47 orcs
  6 endoplasms
  A giant cockroach (D:4)
  6 goblins
  15 hobgoblins
  6 jackals
  20 kobolds
  5 quokkas
  9 ball pythons
  5 bats
  4 frilled lizards
  9 rats
219 creatures vanquished.

Notes
Turn   | Place    | Note
-------+----------+-------------------------------------------
     0 | D:1      | jimonade the Kobold Brigand began the quest for the Orb.
     0 | D:1      | Reached XP level 1. HP: 12/12 MP: 1/1
    96 | D:1      | Reached XP level 2. HP: 17/17 MP: 2/2
   141 | D:1      | Reached skill level 6 in Stealth
   288 | D:1      | Reached XP level 3. HP: 22/22 MP: 3/3
  1356 | D:2      | Reached XP level 4. HP: 21/27 MP: 4/4
  1568 | D:2      | Found Mahicloob's Assorted Antiques.
  1736 | D:2      | Found a faded altar of an unknown god.
  1765 | D:2      | Noticed Jessica
  1767 | D:2      | Killed Jessica
  1768 | D:2      | Reached skill level 7 in Stealth
  1867 | D:2      | Reached skill level 1 in Spellcasting
  1972 | D:3      | Noticed a phantom
  1994 | D:3      | Killed a phantom
  1995 | D:3      | Reached skill level 8 in Stealth
  1995 | D:3      | Reached XP level 5. HP: 16/31 MP: 5/7
  2524 | D:3      | Reached XP level 6. HP: 20/36 MP: 8/8
  3078 | D:3      | Found a sparkling altar of Nemelex Xobeh.
  3665 | D:4      | Reached skill level 9 in Stealth
  4165 | D:4      | Identified the ring "Ulokhla" {rF+ rC+ Str+6 Int+4}
  4247 | D:4      | Reached XP level 7. HP: 40/40 MP: 10/10
  4774 | D:5      | Entered Level 5 of the Dungeon
  4821 | D:4      | Reached skill level 10 in Stealth
  5395 | D:5      | Reached XP level 8. HP: 35/46 MP: 10/12
  5684 | D:5      | Found a snail-covered altar of Cheibriados.
  5869 | D:5      | Reached skill level 1 in Armour
  5914 | D:5      | Reached skill level 5 in Short Blades
  6068 | D:5      | Found a glowing silver altar of Zin.
  6068 | D:5      | Noticed an angel
  6322 | D:6      | Reached skill level 11 in Stealth
  6550 | D:6      | Found a staircase to the Ecumenical Temple.
  6871 | Temple   | Entered the Ecumenical Temple
  7187 | Temple   | Became a worshipper of Uskayaw the Reveller
  7277 | D:6      | Reached * piety under Uskayaw
  7590 | D:6      | Reached ** piety under Uskayaw
  7999 | D:6      | Reached XP level 9. HP: 44/51 MP: 14/14
  8954 | D:7      | Reached skill level 12 in Stealth
 10094 | D:7      | Reached skill level 1 in Shields
 10218 | D:7      | Reached skill level 13 in Stealth
 10300 | D:7      | Found a bloodstained altar of Trog.
 10394 | D:7      | Noticed Menkaure
 11224 | D:8      | Found a transporter.
 11250 | D:8      | Reached *** piety under Uskayaw
 11257 | D:8      | Reached **** piety under Uskayaw
 11263 | D:8      | Reached ***** piety under Uskayaw
 11693 | D:8      | Found a transporter.
 11696 | D:8      | Noticed Clumpoid's ghost (novice GnFi)
 11773 | D:8      | Found a hazy altar of Hepliaklqana.
 11881 | D:8      | Reached skill level 1 in Poison Magic
 11986 | D:8      | Reached skill level 1 in Earth Magic
 12507 | D:8      | HP: 1/52 [orc/+0 war axe (5)]
 12511 | D:8      | Reached XP level 10. HP: 1/56 MP: 17/17
 13048 | D:8      | Found Puore's Book Shop.
 13406 | D:9      | Found a flagged portal.
 13410 | D:9      | Reached skill level 5 in Spellcasting
 13429 | Bailey   | Entered a bailey
 13629 | Bailey   | Reached skill level 1 in Ranged Weapons
 14073 | Bailey   | Mangled by an orc warrior

Illustrated notes

Levels and vault maps discovered:
D:1:      amcnicky_arrival_choice, layout_loops_corners, st_stairs_7,
          grunt_decor_one_mirror
D:2:      layout_rooms, dreamdust_ecumenical_altar_hidden_monk_grotto,
          serial_shops, shop, uniq_jessica
D:3:      layout_basic, nemelex_dance_club_becter
D:4:      layout_loops_ring
D:5:      minmay_inner_zag, layout_rooms, zin_angel,
          mainiacjoe_overflow_24_doors
D:6:      layout_basic, minmay_temple_entry_trees, serial_curves,
          eino_curves_02, eino_curves_04
D:7:      layout_basic, lightli_temple_of_fire, uniq_menkaure
D:8:      layout_loops_corners, nicolae_hepliaklqana_hazy_memory, serial_shops,
          nicolae_shop_crystal, gammafunk_ghost_stat_death, dk_noncrumbling_2
D:9:      layout_roguey, serial_glass, glass_columns_b, glass_columns_a,
          enter_bailey_7, minmay_misc_feat_encased
Temple:   minmay_temple_bridge_d
Bailey:   bailey_polearm_flooded_kennysheep, bailey

Skill      XL: |  1  2  3  4  5  6  7  8  9 10 |
---------------+-------------------------------+-----
Stealth        | 6 8 9 10 11 13 | 13.6
Short Blades   | 3 4 5 6 |  6.8
Spellcasting   | 1 2 3 4 5 |  5.1
Dodging        | 2 3 |  3.9
Fighting       | 3 4 |  4.1
Armour         | 2 |  2.9
Shields        | 1 |  1.7
Poison Magic   | 1 |  1.4
Earth Magic    | 1 2 |  2.6
Ranged Weapons | 1 |  1.9
Throwing       | |  2.1

Action                   |  1- 3 |  4- 6 |  7- 9 | 10-12 || total
-------------------------+-------+-------+-------+-------++-------
Melee: Dagger            |    70 |   136 |   398 |    43 ||   647
       Punch             |       |     2 |     8 |       ||    10
 Fire: Shortbow          |       |       |       |    73 ||    73
  Use: Scroll            |       |       |    15 |       ||    15
       Potion            |       |       |     1 |       ||     1
 Stab: Sleeping          |    26 |    18 |    31 |     5 ||    80
       Distracted        |       |       |     7 |     2 ||     9
       Paralysed         |       |       |     1 |       ||     1
Armor: Robe              |     8 |     9 |     3 |       ||    20
       Leather armour    |       |       |    53 |     9 ||    62
Dodge: Dodged            |    40 |    64 |   203 |    59 ||   366
Block: Other             |       |     8 |    63 |    13 ||    84
       Reflection        |       |       |     2 |       ||     2

Table legend: (Time is in decaauts)
 A = Elapsed time spent in this place.
 B = Non-inter-level travel time spent in this place.
 C = Inter-level travel time spent in this place.
 D = Time resting spent in this place.
 E = Time spent auto-exploring this place.
 F = Levels seen in this place.
 G = Mean time per level.
                   A        B        C        D        E       F      G
               +--------+--------+--------+--------+--------+-----+--------+
         Total |  13960 |  13337 |    623 |   3441 |   7436 |  11 | 1269.1 |
       Dungeon |  12904 |  12424 |    480 |   3163 |   7122 |   9 | 1433.8 |
        Temple |    386 |    243 |    143 |      0 |    232 |   1 |  386.0 |
        Bailey |    669 |    669 |      0 |    278 |     82 |   1 |  669.0 |
               +--------+--------+--------+--------+--------+-----+--------+

Top non-repeatable levels by time:
     D:6: 2298 daAuts
     D:8: 2221 daAuts
     D:7: 1826 daAuts
     D:4: 1682 daAuts
     D:3: 1599 daAuts
     D:5: 1279 daAuts
     D:1: 1166 daAuts
     D:2: 788 daAuts
  Bailey: 669 daAuts
  Temple: 386 daAuts
     D:9: 40 daAuts
